 Dungeon Crawl Stone Soup version 0.23-a0-242-g2b5ca64 (webtiles) character file.

2 Inarius the Magician (level 1, 0/13 HPs)
             Began as a Demonspawn Wanderer on Sept 28, 2018.
             Hit by a stone thrown by a kobold (3 damage)
             ... on level 1 of the Dungeon.
             The game lasted 00:00:47 (34 turns).

Inarius the Magician (Demonspawn Wanderer)            Turns: 34, Time: 00:00:47

Health: 0/13       AC:  2    Str: 13    XL:     1   Next: 33%
Magic:  1/5        EV: 11    Int: 14    God:
Gold:   0          SH:  0    Dex: 10    Spells: 5/8 levels left

rFire    . . .     SeeInvis .   a - +0 dagger
rCold    . . .     Gourm    .   (no shield)
rNeg     . . .     Faith    .   d - +0 robe
rPois    .         Spirit   .   (no helmet)
rElec    .         Reflect  .   (no cloak)
rCorr    .         Harm     .   (no gloves)
MR       .....                  (no boots)
Stlth    +.........             (no amulet)
HPRegen  0.04/turn              (no ring)
MPRegen  0.09/turn              (no ring)

@: no status effects
A: no striking features
a: no special abilities


You were on level 1 of the Dungeon.
You were not hungry.

You visited 1 branch of the dungeon, and saw 1 of its levels.

Inventory:

Hand Weapons
 a - a +0 dagger (weapon)
Armour
 d - a +0 robe (worn)
Comestibles
 f - a ration


   Skills:
 + Level 1.0 Stealth
 + Level 4.1 Spellcasting
   Level 1.0 Conjurations
 + Level 2.1 Necromancy
   Level 1.0 Transmutations
   Level 1.0 Evocations


You had 5 spell levels left.
You knew the following spells:

 Your Spells              Type           Power        Failure   Level  Hunger
a - Pain                  Necr           #...         8%          1    None
b - Animate Skeleton      Necr           N/A          8%          1    None
c - Sandblast             Erth           #.....       19%         1    None

Your spell library contained the following spells:

 Spells                   Type           Power        Failure   Level  Hunger
 Summon Butterflies       Summ           #.......     19%         1    None
 Vampiric Draining        Necr           #.........   24%         3    ###....
 Regeneration             Chrm/Necr      #.........   36%         3    ###....
 Stone Arrow              Conj/Erth      #.....       43%         3    ###....
 Recall                   Summ/Tloc      N/A          50%         3    ###....
 Animate Dead             Necr           N/A          61%         4    ####...


Dungeon Overview and Level Annotations

Branches:
Dungeon (1/15)

Altars:


Message History

Aiming: Pain (safe; 8% risk of failure)
Press: ? - help, Shift-Dir - straight line, f/p - hobgoblin
Aim: a hobgoblin, wielding a club (chance to defeat MR: 73%)
The hobgoblin writhes in agony!
The hobgoblin hits you with a club.
Casting: Pain (safe; 8% risk of failure)
Confirm with . or Enter, or press ? or * to list all spells.
Aiming: Pain (safe; 8% risk of failure)
Press: ? - help, Shift-Dir - straight line, f/p - hobgoblin
Aim: a hobgoblin, wielding a club (heavily wounded, chance to defeat MR: 73%)
The hobgoblin writhes in agony!
The hobgoblin hits you but does no damage.
Casting: Pain (safe; 8% risk of failure)
Confirm with . or Enter, or press ? or * to list all spells.
Aiming: Pain (safe; 8% risk of failure)
Press: ? - help, Shift-Dir - straight line, f/p - hobgoblin
Aim: a hobgoblin, wielding a club (almost dead, chance to defeat MR: 73%)
The hobgoblin writhes in agony!
You kill the hobgoblin!
The kobold throws a stone.
The stone hits you.
You die...

...## #..#....#
...............'
.......#.......#
......#........
###....#........
..#.............
.........).K..#
......(.@#
.........# .#
..###(...##...#
≈≈≈≈≈≈≈)≈≈≈≈≈≈≈
####♣##'##♣######
#'#≈♣≈#8.<#
##8##.##8##...#
+......)..'...#
###8#+#8###...#


You could see a kobold.

Vanquished Creatures
  2 hobgoblins (D:1)
2 creatures vanquished.

Notes
Turn   | Place    | Note
-------+----------+-------------------------------------------
     0 | D:1      | Inarius the Demonspawn Wanderer began the quest for the
                  | Orb.
     0 | D:1      | Inarius set off with: a +0 robe, a +0 club, a ration
     0 | D:1      | Reached XP level 1. HP: 13/13 MP: 5/5
     3 | D:1      | Learned a level 1 spell: Pain
     5 | D:1      | Learned a level 1 spell: Animate Skeleton
     7 | D:1      | Learned a level 1 spell: Sandblast
    34 | D:1      | Hit by a stone thrown by a kobold

Vault maps used:
D:1:      saegor_arrival_fortress

Action                   || total
-------------------------++-------
Melee: Dagger            ||     4
 Cast: Pain              ||     4
Armor: Robe              ||     1
Dodge: Dodged            ||     4

Table legend:
 A = Non-vault XP
 B = Vault XP
 C = Vault XP percentage of total XP
 D = Non-vault monster count
 E = Vault monster count
 F = Vault count percentage of total count
                 A         B        C        D         E       F
            +---------+---------+-------+---------+---------+-------
      Total |       4 |       0 |   0.0 |       2 |       0 |   0.0
            +---------+---------+-------+---------+---------+-------
        D:1 |       4 |       0 |   0.0 |       2 |       0 |   0.0
            +---------+---------+-------+---------+---------+-------
